 Dungeon Crawl Stone Soup version 0.14-a0-3445-g2afddda (webtiles) character file.

5161 Herrn the Shield-Bearer (level 10, -3/55 HPs)
             Began as a Vine Stalker Fighter on Mar 23, 2014.
             Was a Believer of Okawaru.
             Killed from afar by an electric eel (10 damage)
             ... with a bolt of electricity
             ... on Level 8 of the Dungeon.
             The game lasted 00:33:02 (6712 turns).

Herrn the Shield-Bearer (Vine Stalker Fighter)      Turns: 6712, Time: 00:33:02

HP  -3/55        AC 17     Str 18      XL: 10   Next: 50%
MP   0/34        EV  3     Int 11      God: Okawaru [**....]
Gold 282         SH 23     Dex 18      Spells:  0 memorised, 21 levels left

rFire  . . .     SeeInvis .     a - +0,+1 long sword
rCold  . . .     Clarity  .     F - +0 plate armour
rNeg   . . .     Conserve .     c - +1 shield
rPois  .         rCorr    .     (no helmet)
rElec  .         rRot     +     (no cloak)
SustAb . .       Spirit   +     o - +0 pair of gloves
rMut   .         Warding  .     (no boots)
Saprov . . .     Stasis   .     (no amulet)
MR     +....                    A - +3 ring of intelligence
                                g - ring of magical power

@: somewhat resistant to hostile enchantments, extremely unstealthy
A: fangs 3, iridescent scales 1, regeneration 2, magic shield, antimagic bite,
no device heal
a: Heroism, Renounce Religion


You were on level 8 of the Dungeon.
You worshipped Okawaru.
Okawaru was pleased with you.
You were not hungry.

You visited 2 branches of the dungeon, and saw 9 of its levels.

You collected 282 gold pieces.

Inventory:

Hand weapons
 a - a +0,+1 long sword (weapon)
 t - a +0,+0 falchion
 y - a +0,+0 great sword
 C - a +0,+0 long sword
 E - a +1,-2 long sword
Armour
 c - a +1 shield (worn)
 o - a +0 pair of gloves (worn)
 F - a +0 plate armour (worn)
Magical devices
 e - a wand of paralysis (15)
 h - a wand of magic darts (0)
 v - a wand of hasting (0)
Comestibles
 d - 4 bread rations
 i - 4 pears
 l - an apple
 p - an apricot
 q - 3 meat rations
 w - an orange
 x - a choko
 z - 3 chunks of giant frog flesh
Scrolls
 k - a scroll of immolation
 m - 8 scrolls of identify
 s - 2 scrolls of noise
 u - a scroll of enchant armour
Jewellery
 g - a ring of magical power (left hand)
 A - a +3 ring of intelligence (right hand)
Potions
 b - 2 potions of brilliance {unknown}
 f - a potion of degeneration {unknown}
 j - 3 potions of heal wounds {unknown}
 n - 4 potions of curing
 r - 2 potions of invisibility {unknown}
 B - a potion of mutation {unknown}


   Skills:
 * Level 7.0 Fighting
 + Level 5.7 Long Blades
 + Level 5.1 Armour
 + Level 2.8 Dodging
 + Level 7.3 Shields
 * Level 6.4 Spellcasting
 + Level 1.6 Evocations


You had 21 spell levels left.
You didn't know any spells.

Dungeon Overview and Level Annotations

Branches:
Dungeon (8/15)             Temple (1/1) D:7            Lair (0/8) D:8

Altars:
Ashenzari
Cheibriados
Dithmenos
Elyvilon
Fedhas
Kikubaaqudgha
Makhleb
Nemelex Xobeh
Okawaru
Sif Muna
Trog
Vehumet
Xom
Yredelemnul
Zin
The Shining One


Innate Abilities, Weirdness & Mutations

You have razor-sharp teeth.
You heal very quickly.
When hurt, damage is shared between your health and your magic reserves.
Your bite disrupts and absorbs the magic of your enemies.
Potions and wands cannot restore your HP.
You are partially covered in iridescent scales (AC +4).


Message History

You bite the hill giant, but do no damage.
The hill giant is heavily wounded.
The hill giant hits you with a giant club!
You hit the hill giant.
The hill giant is heavily wounded.
The hill giant hits you with a giant club!
* * * LOW HITPOINT WARNING * * *
An electric eel comes into view.
The electric eel shoots out a bolt of electricity!
The bolt of electricity hits you!
* * * LOW HITPOINT WARNING * * *
The electric eel shoots out a bolt of electricity!
The bolt of electricity hits you!
* * * LOW HITPOINT WARNING * * *
The electric eel shoots out a bolt of electricity!
The bolt of electricity hits you!
* * * LOW HITPOINT WARNING * * *
The electric eel shoots out a bolt of electricity!
The bolt of electricity hits you!
You die...

##...........≈≈≈≈
##..>.......≈≈≈≈
##..........≈;≈
##..............
##..............≈≈
##.............≈≈≈
##.............;≈≈
##................
##@.C.............
##...............
##...?..........
##..............
##.............
##............
##...........
##.........
##........


You could see a hill giant and an electric eel.

Vanquished Creatures
  Joseph (D:7)
  An elephant (D:8)
  The ghost of ghwc the Skirmisher, an average DsFi (D:4)
  A yak (D:8)
  A hungry ghost (D:7)
  A necrophage (D:6)
  An ogre (D:7)
  4 orc warriors
  An ice beast (D:7)
  A phantom (D:6)
  Sigmund (D:2)
  Duvessa (D:7)
  3 big kobolds
  2 crocodiles (D:8)
  2 centaurs
  A giant slug (D:8)
  A water moccasin zombie (D:8)
  8 giant frogs
  7 jellies
  10 killer bees (D:7)
  A yak zombie (D:7)
  Dowan (D:7)
  A goliath beetle (D:7)
  2 hounds
  A crimson imp (D:8)
  2 orc priests
  A centaur skeleton (D:4)
  A giant frog skeleton (D:6)
  4 orc wizards
  2 iguanas
  3 worker ants
  A killer bee zombie (D:8)
  A hound zombie (D:8)
  An ogre skeleton (D:7)
  10 adders
  An orc zombie (D:6)
  A worker ant zombie (D:7)
  An inept feature mimic (D:4)
  2 giant mites
  4 worms
  2 adder zombies
  A giant eyeball (D:5)
  3 giant geckos
  22 orcs
  A ball python (D:3)
  3 giant cockroaches
  10 hobgoblins
  15 jackals
  38 kobolds
  4 quokkas
  13 bats
  A giant newt (D:3)
  A giant newt skeleton (D:4)
  16 goblins
  A quokka skeleton (D:8)
  A quokka zombie (D:5)
  15 rats
  A rat skeleton (D:6)
  3 plants (D:5)
241 creatures vanquished.

Vanquished Creatures (others)
  A rat skeleton (D:5)
  A plant (D:5)
2 creatures vanquished.

Grand Total: 243 creatures vanquished

Notes
Turn   | Place    | Note
--------------------------------------------------------------
     0 | D:1      | Herrn, the Vine Stalker Fighter, began the quest for the Orb.
     0 | D:1      | Reached XP level 1. HP: 11/11 MP: 1/1
   184 | D:1      | Reached XP level 2. HP: 16/16 MP: 3/3
   289 | D:1      | Reached skill level 3 in Fighting
   574 | D:1      | Reached skill level 1 in Spellcasting
   574 | D:1      | Reached XP level 3. HP: 16/20 MP: 3/5
   960 | D:2      | Found a burning altar of Makhleb.
   965 | D:2      | Found a sparkling altar of Nemelex Xobeh.
  1085 | D:2      | Noticed Sigmund
  1101 | D:2      | Killed Sigmund
  1101 | D:2      | Reached XP level 4. HP: 23/25 MP: 7/7
  1101 | D:2      | Reached XP level 5. HP: 25/28 MP: 9/9
  1803 | D:3      | Gained mutation: You are partially covered in iridescent scales (AC +4). [potion of beneficial mutation]
  2390 | D:4      | Reached skill level 4 in Fighting
  2390 | D:4      | Gained mutation: You heal very quickly. [vine stalker growth]
  2390 | D:4      | Reached XP level 6. HP: 29/33 MP: 12/12
  2416 | D:4      | Found a shattered altar of Ashenzari.
  2632 | D:4      | Found a blossoming altar of Fedhas.
  2643 | D:4      | Found a bloodstained altar of Trog.
  2647 | D:4      | Found a shimmering altar of Xom.
  2694 | D:4      | Noticed ghwc's ghost (average DsFi)
  2720 | D:5      | Entered Level 5 of the Dungeon
  2904 | D:4      | Killed ghwc's ghost
  2904 | D:4      | Reached XP level 7. HP: 23/38 MP: 15/15
  3154 | D:4      | Found a snail-covered altar of Cheibriados.
  3296 | D:5      | Paralysed by a giant eyeball for 4 turns
  3304 | D:5      | Paralysed by a giant eyeball for 4 turns
  3709 | D:5      | Found a radiant altar of Vehumet.
  3959 | D:5      | Reached skill level 1 in Dodging
  4381 | D:6      | Reached skill level 5 in Shields
  4474 | D:6      | Gained mutation: You have razor-sharp teeth. [vine stalker growth]
  4474 | D:6      | Reached XP level 8. HP: 33/42 MP: 18/18
  4586 | D:6      | Reached skill level 1 in Evocations
  4588 | D:6      | Reached skill level 5 in Fighting
  5257 | D:7      | Noticed Joseph
  5287 | D:7      | Killed Joseph
  5287 | D:7      | Reached XP level 9. HP: 41/47 MP: 21/21
  5379 | D:7      | Found a staircase to the Ecumenical Temple.
  5447 | Temple   | Entered the Ecumenical Temple
  5452 | Temple   | Became a worshipper of Warmaster Okawaru
  5687 | D:7      | Reached skill level 5 in Spellcasting
  5698 | D:7      | Reached skill level 6 in Fighting
  5707 | D:7      | Reached skill level 5 in Long Blades
  5809 | D:7      | Acquired Okawaru's first power
  6027 | D:7      | Reached XP level 10. HP: 53/53 MP: 24/24
  6063 | D:7      | Noticed Dowan
  6064 | D:7      | Noticed Duvessa
  6080 | D:7      | Killed Duvessa
  6115 | D:7      | Killed Dowan
  6195 | D:7      | Reached skill level 7 in Shields
  6426 | D:8      | Reached skill level 5 in Armour
  6446 | D:8      | Found a staircase to the Lair.
  6471 | D:8      | Noticed an elephant
  6487 | D:8      | Killed an elephant
  6697 | D:8      | Noticed a hill giant
  6712 | D:8      | Killed from afar by an electric eel

Action                   |  1- 3 |  4- 6 |  7- 9 | 10-12 || total
-------------------------+-------+-------+-------+-------++-------
Melee: Long sword        |   107 |   148 |   490 |   157 ||   902
       Falchion          |       |       |     3 |       ||     3
Evoke: Wand              |       |     4 |     7 |     2 ||    13
  Use: Potion            |     1 |     1 |     1 |       ||     3
       Scroll            |       |     9 |     1 |       ||    10
